 Dungeon Crawl Stone Soup version 0.29.1-15-g9cfb28693d (webtiles) character file.

Game seed: 16571836946324884021

41 sentinel the Digger (level 4, 0/33 HPs)
             Began as a Meteoran Earth Elementalist on Aug 3, 2023.
             Slain by an orc
             ... wielding a +0 whip of holy wrath
              (4 damage)
             ... on level 4 of the Dungeon.
             The game lasted 00:01:16 (248 turns).

sentinel the Digger (Meteoran Earth Elementalist)    Turns: 248, Time: 00:01:17

Health: 0/33       AC:  2    Str: 10    XL:     4   Next: 1%
Magic:  3/9        EV: 12    Int: 18    God:
Gold:   0          SH:  0    Dex: 14    Spells: 3/9 levels left

rFire   . . .      SeeInvis .   (no weapon)
rCold   . . .      Faith    .   (no shield)
rNeg    . . .      Spirit   .   a - +0 robe
rPois   .          Reflect  .   (no helmet)
rElec   .          Harm     .   (no cloak)
rCorr   .          Rampage  .   (no gloves)
Will    .....                   (no boots)
Stlth   +.........              (no amulet)
HPRegen 0.11/turn               (no ring)
MPRegen 0.11/turn               (no ring)

@: very slightly contaminated, glowing
A: sense surroundings 1, otherworldly, glowing, explore regen
a: no special abilities


You were on level 4 of the Dungeon.
You visited 1 branch of the dungeon, and saw 5 of its levels.

Inventory:

Armour
 a - a +0 robe (worn)
Scrolls
 c - a scroll of magic mapping {unknown}
Potions
 b - a potion of magic


   Skills:
 - Level 2.4 Dodging
 - Level 1.4 Stealth
 + Level 3.0 Spellcasting
 + Level 1.1 Conjurations
 - Level 1.2 Transmutations
 - Level 5.0 Earth Magic


You had 3 spell levels left.
You knew the following spells:

 Your Spells              Type           Power      Damage    Failure   Level
a - Sandblast             Erth           40%        2d10      1%          1
h - Stone Arrow           Conj/Erth      26%        3d8       14%         3
j - Passwall              Tmut/Erth      10%        N/A       7%          2

Your spell library contained the following spells:

 Spells                   Type           Power      Damage    Failure   Level
 Dazzling Flash           Conj/Hex       8%         N/A       36%         3
 Petrify                  Tmut/Erth      13%        N/A       41%         4
 Iskenderun's Mystic Bla  Conj/Tloc      4%         2d3       77%         4
 Starburst                Conj/Fire      2%         6d3       100%        6


Dungeon Overview and Level Annotations

Branches:
Dungeon (5/15) Zot: 2735
 Temple: D:4-7

Altars:
Dithmenos
Qazlal
Wu Jian


Innate Abilities, Weirdness & Mutations

You passively map a small area around you.
You are easily found by Zot.
You glow in the dark.
You regain HP and MP as you explore.


Message History

Confirm with . or Enter, or press ? or * to list all spells.
Aiming: Passwall (safe; 8% risk of failure)
Press: ? - help, Dir - move target A rock wall.
You begin to meditate on the wall.
You continue meditating on the rock. x2
You finish merging with the rock.
Found an ornate altar of the Wu Jian Council.
The blast of sand hits the worm!
The worm is severely wounded.
The blast of sand hits the worm!
You kill the worm!
You can't see any susceptible monsters within range! (Use Z to cast anyway.)
An adder comes into view.
The blast of sand hits the adder!
You kill the adder!
You can't see any susceptible monsters within range! (Use Z to cast anyway.)
You see here an adder corpse.
Found 3 stones.
Found 13 gold pieces.
Found a stone staircase leading down.
Found 4 stones.
Found 10 gold pieces.
A ball python comes into view.
The ball python hisses angrily.
The blast of sand hits the ball python!!
You kill the ball python!
You can't see any susceptible monsters within range! (Use Z to cast anyway.)
There is a stone staircase leading down here.
(D) Dungeon
Where to? (Enter - D:3, ? - help)
You climb downwards.
Magic restored.
Found an escape hatch in the ceiling.
There is a stone staircase leading up here.
An endoplasm comes into view.
The endoplasm quivers.
A kobold comes into view. It is wielding a +0 short sword.
The kobold shouts!
The blast of sand hits the endoplasm!
You kill the endoplasm!
The kobold throws a stone.
The stone barely misses you.
Training target 5.0 for Earth Magic reached!
Your Earth Magic skill increases to level 5!
You can't see any susceptible monsters within range! (Use Z to cast anyway.)
The kobold throws a stone.
The stone barely misses you.
You can't see any susceptible monsters within range! (Use Z to cast anyway.)
You can't see any susceptible monsters within range! (Use Z to cast anyway.)
You can't see any susceptible monsters within range! (Use Z to cast anyway.)
The blast of sand hits the kobold!
You kill the kobold!
You can't see any susceptible monsters within range! (Use Z to cast anyway.)
You can't see any susceptible monsters within range! (Use Z to cast anyway.)
You open the door.
A hobgoblin comes into view.
The hobgoblin shouts!
There is an open door here.
The blast of sand hits the hobgoblin.
You kill the hobgoblin!
You can't see any susceptible monsters within range! (Use Z to cast anyway.)
Found 10 gold pieces.
You open the door.
There is an open door here.
Found 4 gold pieces.
An endoplasm comes into view.
The endoplasm quivers.
A goblin comes into view. It is wielding a +0 dagger.
The endoplasm hits you but does no damage.
The blast of sand hits the endoplasm!
You kill the endoplasm!
The goblin shouts!
A ball python comes into view.
You can't see any susceptible monsters within range! (Use Z to cast anyway.)
The blast of sand hits the goblin.
You kill the goblin!
Your Spellcasting skill increases to level 3!
Your Conjurations skill increases to level 1!
The blast of sand hits the ball python!
You kill the ball python!
You can't see any susceptible monsters within range! (Use Z to cast anyway.)
Things that are here:
a +0 dagger; a goblin corpse A kobold comes into view.
It is wielding a +0 dagger.
The kobold shouts!
The blast of sand misses the kobold.
The kobold barely misses you.
The blast of sand hits the kobold.
You kill the kobold!
You can't see any susceptible monsters within range! (Use Z to cast anyway.)
You see here a +0 dagger.
Found an escape hatch in the floor.
There is an escape hatch in the floor here.
You slide downwards.
The hatch slams shut behind you.
The orc priest shouts!
The orc shouts!
Found 3 stones and 11 gold pieces.
Found a stone staircase leading up.
The blast of sand hits the orc!
You kill the orc!
The orc shouts!
You have reached level 4!
Casting: Sandblast (safe; 1% risk of failure)
Confirm with . or Enter, or press ? or * to list all spells.
Aiming: Stone Arrow (quite dangerous; 14% risk of failure)
Press: ? - help, Shift-Dir - straight line, f - orc priest
Aim: an orc priest, wielding a +0 short sword and wearing a +0 leather armour (68% to hit)
The stone arrow hits the orc priest!
The orc priest is heavily wounded.
An orc comes into view. It is wielding a +0 falchion.
Casting: Stone Arrow (quite dangerous; 14% risk of failure)
Confirm with . or Enter, or press ? or * to list all spells.
Aiming: Stone Arrow (quite dangerous; 14% risk of failure)
Press: ? - help, Shift-Dir - straight line, f/p - orc priest
Aim: an orc priest, wielding a +0 short sword and wearing a +0 leather armour (heavily wounded, 68% to hit)
You miscast Stone Arrow.
You are very lightly contaminated with residual magic.
Nothing appears to happen.
An orc priest comes into view.
It is wielding a +0 dagger and wearing a +2 chain mail of fire resistance.
The orc priest casts a cantrip, but nothing happens.
The orc hits you with a +0 whip of holy wrath.
The orc priest closely misses you.
Found a scroll labelled POLAEFIOLO.
Found a stormy altar of Qazlal.
The orc priest attacks as you move away!
The orc priest hits you with a +0 short sword.
The orc attacks as you move away! The orc misses you.
The orc priest calls down the wrath of Beogh upon you.
Beogh smites you!
There is a stone staircase leading up here.
The orc priest invokes the aid of Beogh against you.
Pain shoots through your body! The orc barely misses you.
You climb upwards.
Magic restored.
Found 15 gold pieces.
There is a stone staircase leading down here.
Casting: Stone Arrow (quite dangerous; 14% risk of failure)
Confirm with . or Enter, or press ? or * to list all spells.
Aiming: Stone Arrow (quite dangerous; 14% risk of failure)
Press: ? - help, Shift-Dir - straight line, f - orc priest
Aim: an orc priest, wielding a +0 short sword and wearing a +0 leather armour (heavily wounded, 68% to hit)
You miscast Stone Arrow.
Nothing appears to happen.
The orc priest invokes the aid of Beogh against you.
Beogh smites you!
The orc hits you with a +0 whip of holy wrath.
You hear a shout!
HP warning!
Casting: Stone Arrow (quite dangerous; 14% risk of failure)
Confirm with . or Enter, or press ? or * to list all spells.
Aiming: Stone Arrow (quite dangerous; 14% risk of failure)
Press: ? - help, Shift-Dir - straight line, f/p - orc priest
Aim: an orc priest, wielding a +0 short sword and wearing a +0 leather armour (heavily wounded, 68% to hit)
The stone arrow hits the orc priest!
You kill the orc priest!
You hear a shout!
A lemure comes into view.
The orc hits you with a +0 whip of holy wrath.
You die...

,, * ..#,
, , 8# ..
* * , , ,
$#.. * * ,
, #8. * *
, * ... ,
#######.#*
,
......o.#
* ** #.@#
*, , #.)#
* * * #.5#
* #..# * *
*, *#..5 ,
* , ##.#*
,* .. * *
#.# * #. ,
, ..# #..
* * , ##..


You could see 2 lemures and an orc.

Vanquished Creatures
  An orc priest (D:4)
  An adder (D:3)
  A worm (D:3)
  An orc (D:5)
  3 ball pythons
  2 endoplasms (D:4)
  2 giant cockroaches (D:1)
  3 goblins
  3 hobgoblins
  4 kobolds
  5 bats
  A frilled lizard (D:2)
27 creatures vanquished.

Notes
Turn   | Place    | Note
-------+----------+-------------------------------------------
     0 | D:1      | sentinel the Meteoran Earth Elementalist began the quest
                  | for the Orb.
     0 | D:1      | Reached XP level 1. HP: 14/14 MP: 5/5
    22 | D:1      | Reached skill level 4 in Earth Magic
    23 | D:1      | Reached XP level 2. HP: 20/20 MP: 2/6
    54 | D:2      | Found a shadowy altar of Dithmenos.
    93 | D:2      | Reached XP level 3. HP: 17/26 MP: 2/8
    96 | D:2      | Learned a level 2 spell: Passwall
   100 | D:2      | Learned a level 3 spell: Stone Arrow
   128 | D:3      | Found an ornate altar of the Wu Jian Council.
   185 | D:4      | Reached skill level 5 in Earth Magic
   213 | D:4      | Reached skill level 1 in Conjurations
   238 | D:5      | Entered Level 5 of the Dungeon
   240 | D:5      | Reached XP level 4. HP: 33/33 MP: 7/9
   243 | D:5      | Found a stormy altar of Qazlal.
   246 | D:4      | Noticed a lemure
   248 | D:4      | Noticed a lemure
   248 | D:4      | Slain by an orc

Illustrated notes

Levels and vault maps discovered:
D:1:      dpeg_arrival_court, layout_rooms,
          shapermc_ecumenical_altar_mp_urbaneastern,
          chequers_serial_rivers_large_b
D:2:      layout_basic, basic_altar, dreamdust_mushroom_princess
D:3:      layout_basic, mainiacjoe_overflow_tiny_flanked, serial_corexii_hall,
          corexii_hall_statues_u, chequers_hall_statues_wall_a,
          kennysheep_generic_room_15
D:4:      layout_basic, ebering_ghost_rock_garden, minmay_statues_item,
          chequers_serial_rivers_small_3, uniq_pikel
D:5:      kennysheep_windowed_halls, layout_cave_pools,
          mainiacjoe_overflow_concentric_impassable, serial_shops, shop

Skill      XL: |  1  2  3 |
---------------+----------+-----
Earth Magic    | 4 5 |  5.0
Spellcasting   | 3 |  3.0
Conjurations   | 1 |  1.1
Dodging        | |  2.4
Stealth        | |  1.4
Transmutations | |  1.2

Action                   |  1- 3 |  4- 6 || total
-------------------------+-------+-------++-------
Melee: Unarmed           |     2 |       ||     2
 Cast: Sandblast         |    34 |       ||    34
       Passwall          |     1 |       ||     1
       Stone Arrow       |       |     2 ||     2
Armor: Robe              |     3 |       ||     3
Dodge: Dodged            |    17 |     3 ||    20
